 Dungeon Crawl Stone Soup version 0.29.1-15-g9cfb28693d (webtiles) character file.

Game seed: 3689380189133413113

1414 croobank the Covert (level 8, -2/55 HPs)
             Began as an Octopode Delver on Mar 15, 2023.
             Slain by Duvessa
             ... wielding a +0 short sword
              (9 damage)
             ... on level 6 of the Dungeon on Mar 16, 2023.
             The game lasted 00:23:18 (6900 turns).

croobank the Covert (Octopode Delver)               Turns: 6900, Time: 00:23:19

Health: -2/55      AC:  1    Str: 11    XL:     8   Next: 71%
Magic:  11/12      EV: 14    Int: 14    God:
Gold:   545        SH:  0    Dex: 14    Spells: 8/13 levels left

rFire   . . .      SeeInvis .   l - +0 dagger
rCold   . . .      Faith    .   (no shield)
rNeg    . . .      Spirit   .   (helmet restricted)
rPois   .          Reflect  .   (no amulet)
rElec   .          Harm     .   (no ring)
rCorr   .          Rampage  .   (no ring)
Will    .....                   (no ring)
Stlth   +++++.....              (no ring)
HPRegen 0.18/turn               (no ring)
MPRegen 0.13/turn               (no ring)
                                (no ring)
                                (no ring)

@: brilliant
A: almost no armour, amphibious, 8 rings, camouflage 1, gelatinous body 1,
(nimble swimmer 1), tentacles
a: no special abilities


You were on level 6 of the Dungeon.
You visited 1 branch of the dungeon, and saw 6 of its levels.

You collected 545 gold pieces.

Inventory:

Hand Weapons
 a - a +0 hand axe
 b - a +2 vorpal sling
 j - a +0 quarterstaff
 k - a +0 spear
 l - a +0 dagger (weapon)
 m - a +0 short sword
 n - a +0 long sword
 w - a +0 trident
Missiles
 r - 4 poisoned darts
 x - 8 boomerangs
Jewellery
 c - a ring of resist corrosion
 h - a +6 ring of strength
 t - a +4 ring of evasion
 y - a ring of positive energy
Wands
 f - a wand of digging (3)
 i - a wand of quicksilver (5)
 u - a wand of polymorph (4)
 z - a wand of roots (19)
Scrolls
 d - a scroll of fog
 g - a scroll of magic mapping
 q - 4 scrolls of identify
 s - a scroll of acquirement
 v - a scroll of poison
 B - a scroll of blinking
Potions
 e - 3 potions of haste
 p - 2 potions of magic
 A - a potion of cancellation


   Skills:
 - Level 5.0 Fighting
 - Level 4.5 Axes
 - Level 4.4 Dodging
 - Level 8.9 Stealth
 + Level 3.2 Spellcasting
 * Level 1.5 Conjurations
 + Level 3.5 Translocations
 * Level 1.5 Air Magic
 + Level 2.1 Poison Magic


You had 8 spell levels left.
You knew the following spells:

 Your Spells              Type           Power      Damage    Failure   Level
a - Blink                 Tloc           36%        N/A       8%          2
b - Mephitic Cloud        Conj/Pois/Air  10%        N/A       30%         3

Your spell library contained the following spells:

 Spells                   Type           Power      Damage    Failure   Level
 Ignite Poison            Fire/Tmut/Pois 6%         N/A       43%         3
 Manifold Assault         Tloc           18%        N/A       80%         5
 Freezing Cloud           Conj/Ice/Air   3%         6-21      98%         5
 Storm Form               Tmut/Air       3%         N/A       100%        7


Dungeon Overview and Level Annotations

Branches:
Dungeon (6/15)
 Temple: D:4-7

Altars:
Ashenzari
The Shining One

Annotations:
D:6 1 runed translucent door, Crazy Yiuf, Duvessa


Innate Abilities, Weirdness & Mutations

You cannot wear most types of armour.
You are amphibious.
You can wear up to eight rings at the same time.
Your skin changes colour to match your surroundings (Stealth+).
Your rubbery body absorbs attacks. (AC +1, EV +1)
((You are camouflaged when in or above water. (Stealth+)))
You have tentacles for arms and can constrict up to eight enemies at once.


Message History

The bolt of dispelling energy hits Duvessa.
Duvessa is lightly wounded.
Duvessa rages.
The adder is engulfed in noxious fumes.
The adder appears confused.
Aiming: Polymorph
Press: ? - help, Shift-Dir - straight line, f/p - Duvessa
Aim: Duvessa, wielding a +0 short sword and wearing a +0 chain mail of fire resistance (lightly wounded, berserk, will become a scorpion, a rat, or a boggart, chance to affect: 31%)
Okay, then.
Aiming: Fastroot
Press: ? - help, Shift-Dir - straight line, f/p - Duvessa
Aim: Duvessa, wielding a +0 short sword and wearing a +0 chain mail of fire resistance (lightly wounded, berserk)
The roots erupt in riotous growth!
Roots grab Duvessa.
Roots grab the adder.
The grasping roots constrict Duvessa.
The grasping roots constrict the adder.
Duvessa closely misses you.
The adder is engulfed in noxious fumes.
The adder appears confused.
The adder bites you. Duvessa barely misses you.
Aiming: Quicksilver Bolt
Press: ? - help, Shift-Dir - straight line, f/p - Duvessa
Aim: Duvessa, wielding a +0 short sword and wearing a +0 chain mail of fire resistance (moderately wounded, berserk, constricted by roots, 100% to hit)
The bolt of dispelling energy hits Duvessa!
Duvessa is heavily wounded.
The grasping roots constrict Duvessa.
The grasping roots constrict the adder.
The roots release their grip on Duvessa.
The roots release their grip on the adder.
Duvessa hits you with a +0 short sword!
You barely miss Duvessa. You grab Duvessa.
Duvessa is heavily wounded.
You constrict Duvessa, but do no damage.
Duvessa misses you.
Duvessa hits you with a +0 short sword!!
You barely miss Duvessa.
Duvessa is heavily wounded.
You constrict Duvessa, but do no damage.
The adder barely misses you. Duvessa barely misses you.
You hit Duvessa but do no damage. You squeeze Duvessa.
Duvessa is heavily wounded.
You constrict Duvessa. Duvessa hits you with a +0 short sword!
* * * LOW HITPOINT WARNING * * *
The adder barely misses you. Duvessa hits you with a +0 short sword!
You die...

........#.##
........#..##
............#
....##....###
..........######
...............#
...............###
........##...#...##
..........##...#@.#
##..........##.e.S.#
...##....##...##.#.##
#####...........#....
#.$....##..#.#.#.##
##............#....##
####.........#....#.#..#
#.#............#..#....#
.....##..##....#...#...#


You could see Duvessa (berserk) and an adder (confused).

Vanquished Creatures
  Eustachio (D:5)
  A water moccasin (D:6)
  A black bear (D:6)
  2 ice beasts
  2 bullfrogs (D:6)
  A phantom (D:5)
  Blork the orc (D:5)
  A necrophage (D:6)
  Dowan (D:6)
  4 hounds
  A gnoll bouda (D:5)
  Terence (D:2)
  4 iguanas (D:6)
  An orc wizard (D:4)
  4 gnolls (D:5)
  9 adders
  A white imp (D:5)
  An ufetubus (D:5)
  A worm (D:2)
  3 dart slugs
  2 orcs (D:4)
  9 ball pythons
  5 bats
  10 endoplasms
  8 giant cockroaches
  4 goblins
  3 hobgoblins
  3 jackals (D:5)
  3 quokkas
  4 frilled lizards
  6 kobolds
  3 rats
101 creatures vanquished.

Notes
Turn   | Place    | Note
-------+----------+-------------------------------------------
     0 | D:5      | croobank the Octopode Delver began the quest for the Orb.
     0 | D:5      | Reached XP level 1. HP: 16/16 MP: 1/1
    13 | D:5      | Noticed a hound
    35 | D:5      | Noticed Blork the orc
   298 | D:1      | Reached XP level 2. HP: 19/21 MP: 2/2
   588 | D:1      | Reached XP level 3. HP: 26/26 MP: 3/3
   609 | D:1      | Found a faded altar of an unknown god.
   620 | D:1      | Reached skill level 7 in Stealth
  1323 | D:2      | Reached XP level 4. HP: 20/31 MP: 4/4
  1521 | D:2      | Noticed Terence
  1524 | D:2      | Killed Terence
  1748 | D:2      | Learned a level 2 spell: Blink
  2044 | D:2      | Identified a scroll of acquirement
  2591 | D:3      | Reached XP level 5. HP: 37/37 MP: 5/5
  2836 | D:4      | Found a glowing golden altar of the Shining One.
  3038 | D:4      | Found a broken altar of Ashenzari.
  3064 | D:4      | Reached skill level 1 in Translocations
  3600 | D:5      | Killed Blork the orc
  3600 | D:5      | Noticed a phantom
  3601 | D:5      | Reached skill level 1 in Spellcasting
  3601 | D:5      | Reached XP level 6. HP: 10/43 MP: 7/7
  4130 | D:5      | Noticed Eustachio
  4136 | D:5      | Killed Eustachio
  4424 | D:5      | Reached XP level 7. HP: 38/48 MP: 9/9
  4432 | D:5      | Reached skill level 8 in Stealth
  5841 | D:6      | Reached XP level 8. HP: 54/54 MP: 11/11
  5846 | D:6      | Learned a level 3 spell: Mephitic Cloud
  5974 | D:6      | Noticed Duvessa
  6149 | D:6      | Reached skill level 1 in Poison Magic
  6248 | D:6      | Reached skill level 5 in Fighting
  6270 | D:6      | Found a runed translucent door.
  6271 | D:6      | Noticed Crazy Yiuf
  6582 | D:6      | Reached skill level 1 in Conjurations
  6582 | D:6      | Reached skill level 1 in Air Magic
  6878 | D:6      | Noticed Dowan
  6895 | D:6      | Killed Dowan
  6900 | D:6      | Slain by Duvessa

Illustrated notes

Levels and vault maps discovered:
D:1:      minmay_arrival_stair_chambers, layout_loops_ring,
          hellmonk_ecumenical_altar_crossroads, minmay_stone_trees_small
D:2:      layout_loops_ring, uniq_terence
D:3:      layout_basic
D:4:      layout_rooms, nicolae_tso_carved_into_rock, lemuel_round_altar
D:5:      layout_basic, uniq_blork_the_orc, uniq_eustachio
D:6:      layout_cave_pools, grunt_decor_junction, hangedman_decor_peaks_small,
          uniq_crazy_yiuf_cottage, uniq_duvessa

Skill      XL: |  1  2  3  4  5  6  7  8 |
---------------+-------------------------+-----
Stealth        | 7 8 |  8.9
Axes           | 3 4 |  4.5
Dodging        | 3 4 |  4.4
Translocations | 1 2 3 |  3.5
Fighting       | 4 5 |  5.0
Spellcasting   | 1 2 3 |  3.2
Poison Magic   | 2 |  2.1
Conjurations   | 1 |  1.5
Air Magic      | 1 |  1.5

Action                   |  1- 3 |  4- 6 |  7- 9 || total
-------------------------+-------+-------+-------++-------
Melee: Hand axe          |    62 |    61 |    76 ||   199
       Constrict         |    14 |    13 |    16 ||    43
       Tentacles         |     7 |    16 |    21 ||    44
       Punch             |       |     1 |     1 ||     2
       Dagger            |       |     5 |     5 ||    10
 Fire: Sling             |       |    22 |    57 ||    79
 Cast: Mephitic Cloud    |       |       |     1 ||     1
       Blink             |       |       |     1 ||     1
Evoke: Wand              |       |     3 |     5 ||     8
  Use: Scroll            |     2 |    11 |     2 ||    15
       Potion            |       |     6 |     5 ||    11
 Stab: Sleeping          |    10 |     9 |     1 ||    20
Armor: Skin              |     1 |     6 |     1 ||     8
Dodge: Dodged            |    34 |    51 |    50 ||   135
